[Event "Sunday 28 January 2nd Tiur 7+2 Rounds 9 Starts 2200 ST"]
[Site "Infinity Chess"]
[Date "2018.1.28"]
[Round "5"]
[White "SkyPilot"]
[Black "koalachess"]
[Result "1-0"]
[ECO "C11"]
[WhiteElo "2471"]
[BlackElo "2296"]
[WhiteEngine "stockfish_x64_bmi2_2018_01_13_CTG"]
[BlackEngine "asmFishW_2017-11-19_popcnt_CTG"]
[EventType "Swiss"]
[WhiteTeam ""]
[BlackTeam ""]
[PlyCount "155"]
[TimeControl "420+2"]

1. e4 e6 2. d4 d5 3. Nc3 Nf6 4. e5 Nfd7 5. f4 c5 6. Nf3 Nc6 7. Be3 Qb6 
8. Na4 Qa5+ 9. c3 c4 10. b4 Qc7 11. Be2 b5 12. Nc5 Nxc5 13. bxc5 Rb8 14. a3 a5 
15. Bd2 b4 16. axb4 axb4 17. cxb4 Nxb4 18. Bc3 Nc6 19. h4 Be7 20. h5 O-O 
21. Qd2 Bd7 22. h6 g6 23. Kf2 Na7 24. Ra2 Rb3 25. Bd1 Rbb8 26. Bc2 Ra8 
27. Rha1 Qb7 28. g4 Nb5 29. Ba5 f6 30. exf6 Bxf6 31. Ba4 g5 32. Kg2 gxf4 
33. Bb4 Bc6 34. Bxb5 Rxa2 35. Rxa2 Qxb5 36. g5 Bh8 37. g6 c3 38. Ra7 Bf6 
39. Qc2 Rb8 40. Rxh7 Qxb4 41. g7 Qb5 42. Rh8+ Kf7 43. g8=Q+ Rxg8+ 44. Rxg8 Qb2 
45. Qxb2 cxb2 46. Rb8 Kg6 47. Rxb2 Kxh6 48. Rb6 Ba4 49. Rxe6 Kg7 50. c6 Kf7 
51. c7 Bd7 52. Rb6 Ke7 53. Ne5 Bc8 54. Ng6+ Kf7 55. Nxf4 Bxd4 56. Rb8 Bf5 
57. c8=Q Bxc8 58. Rxc8 Ba1 59. Nxd5 Ke6 60. Rd8 Be5 61. Kf3 Bd6 62. Ke4 Ba3 
63. Nc7+ Ke7 64. Rd5 Bd6 65. Nb5 Bh2 66. Kf5 Bb8 67. Rd3 Bh2 68. Rh3 Kd7 
69. Rxh2 Kc6 70. Nc3 Kc5 71. Rh4 Kd6 72. Rc4 Ke7 73. Rd4 Kf7 74. Rd7+ Ke8 
75. Ke6 Kf8 76. Ne4 Kg8 77. Nf6+ Kh8 78. Rh7# 1-0

[Event "Sunday 28 January 2nd Tiur 7+2 Rounds 9 Starts 2200 ST"]
[Site "Infinity Chess"]
[Date "2018.1.28"]
[Round "5"]
[White "BraveDevil"]
[Black "Dovahkiin"]
[Result "1/2-1/2"]
[ECO "C53"]
[WhiteElo "2437"]
[BlackElo "2450"]
[WhiteEngine "Cryptic AIL V2"]
[BlackEngine "BrainFish_180113_x64_modern_CTG"]
[EventType "Swiss"]
[WhiteTeam ""]
[BlackTeam ""]
[PlyCount "62"]
[TimeControl "420+2"]

1. e4 e5 2. Nf3 Nc6 3. Bc4 Bc5 4. c3 Nf6 5. d4 exd4 6. cxd4 Bb4+ 7. Bd2 Bxd2+ 
8. Nbxd2 d5 9. exd5 Nxd5 10. Qb3 Nce7 11. O-O O-O 12. Rfe1 c6 13. Ne4 Nb6 
14. Bd3 Nbd5 15. Rac1 h6 16. a3 Qb6 17. Bc4 Qxb3 18. Bxb3 Rd8 19. g3 Bh3 
20. Nc5 Rab8 21. Ne5 Nf5 22. Re4 Nd6 23. Ree1 Re8 24. f3 Nf5 25. Bxd5 cxd5 
26. Nb3 Nd6 27. g4 f5 28. Nc5 Nb5 29. Nb3 Nd6 30. Nc5 Nb5 31. Nb3 Nd6 1/2-1/2

[Event "Sunday 28 January 2nd Tiur 7+2 Rounds 9 Starts 2200 ST"]
[Site "Infinity Chess"]
[Date "2018.1.28"]
[Round "5"]
[White "star99"]
[Black "Tiger"]
[Result "1/2-1/2"]
[ECO "C55"]
[WhiteElo "2460"]
[BlackElo "2438"]
[WhiteEngine "Cryptic AIL V2"]
[BlackEngine "BrainFish_180124_x64_bmi2"]
[EventType "Swiss"]
[WhiteTeam ""]
[BlackTeam ""]
[PlyCount "118"]
[TimeControl "420+2"]

1. e4 e5 2. Nf3 Nc6 3. Bc4 Nf6 4. d3 Bc5 5. c3 a5 6. O-O d6 7. Re1 O-O 8. h3 h6 
9. Nbd2 Be6 10. Bb5 Qb8 11. Nf1 Qa7 12. Be3 Bxe3 13. Nxe3 Ne7 14. a4 Ng6 
15. Bc4 Nf4 16. Bxe6 fxe6 17. Nc4 Rad8 18. b3 d5 19. exd5 e4 20. dxe4 exd5 
21. exd5 N6xd5 22. Qd4 Qa6 23. Qe4 Nxc3 24. Qc2 Ncd5 25. Qe4 Nc3 26. Qc2 Ncd5 
27. Qe4 Qf6 28. Nce5 c6 29. Rad1 Rde8 30. Kh2 Re6 31. Qc2 Rfe8 32. Nd7 Qg6 
33. Qxg6 Nxg6 34. Rxe6 Rxe6 35. Nc5 Re7 36. g3 Kf7 37. Nd4 Kf6 38. Kg2 Nh8 
39. g4 g6 40. Kg3 Nf7 41. f3 Ke5 42. Rd2 h5 43. Nc2 Kd6 44. Ne4+ Kc7 45. Nd4 Nd8 
46. Nb5+ Kb6 47. Nbc3 Nxc3 48. Nxc3 Ne6 49. Re2 Kc5 50. Ne4+ Kd5 51. gxh5 gxh5 
52. Nf6+ Kd6 53. Nxh5 Rh7 54. Nf6 Rxh3+ 55. Kg4 Rh1 56. Ne8+ Kd5 57. Nf6+ Kd6 
58. Ne8+ Kd5 59. Nf6+ Kd6 1/2-1/2

[Event "Sunday 28 January 2nd Tiur 7+2 Rounds 9 Starts 2200 ST"]
[Site "Infinity Chess"]
[Date "2018.1.28"]
[Round "5"]
[White "Eman"]
[Black "KULLANI"]
[Result "1/2-1/2 "]
[ECO "D31"]
[WhiteElo "2489"]
[BlackElo "2466"]
[WhiteEngine "Eman 1.68c 64-bit POPCNT"]
[BlackEngine "BrainFish_180124_x64_CTG"]
[EventType "Swiss"]
[WhiteTeam ""]
[BlackTeam ""]
[PlyCount "171"]
[TimeControl "420+2"]

1. d4 d5 2. c4 e6 3. Nc3 c6 4. e3 Nf6 5. Nf3 Nbd7 6. Qc2 Bd6 7. Bd3 dxc4 
8. Bxc4 O-O 9. O-O b5 10. Bd3 Bb7 11. e4 e5 12. h3 a6 13. dxe5 Nxe5 
14. Nxe5 Bxe5 15. Be3 Re8 16. a4 Qe7 17. Ne2 Bc7 18. Bc5 Bd6 19. Bxd6 Qxd6 
20. f4 c5 21. e5 Qb6 22. a5 Qc6 23. Nc1 Ne4 24. Nb3 c4 25. Bxe4 Qxe4 
26. Qxe4 Bxe4 27. Nc5 Bf5 28. Rfd1 Rec8 29. Nd7 Bxd7 30. Rxd7 Kf8 31. Kf2 b4 
32. Rc1 c3 33. bxc3 Rab8 34. Rb1 Rxc3 35. Rd6 b3 36. Rb6 Rd8 37. R6xb3 Rd2+ 
38. Kg1 Rxb3 39. Rxb3 Ra2 40. Rb8+ Ke7 41. Rh8 h6 42. Ra8 Rxa5 43. Kf2 Ke6 
44. Kf3 Kf5 45. g3 Ra3+ 46. Kf2 a5 47. Ra7 Ra2+ 48. Kf3 Ra3+ 49. Kf2 Ra2+ 
50. Ke3 Ra3+ 51. Kd4 Ke6 52. g4 Ra4+ 53. Ke3 Ra3+ 54. Kd4 Ra4+ 55. Ke3 Ra3+ 
56. Kf2 g6 57. h4 a4 58. Ra5 Ra2+ 59. Ke3 a3 60. h5 gxh5 61. f5+ Ke7 
62. Ra7+ Kf8 63. Ra8+ Ke7 64. gxh5 Rh2 65. Ra7+ Ke8 66. Kd3 a2 67. Kd4 Rxh5 
68. Rxa2 Rxf5 69. Kd5 Kf8 70. Rh2 Kg7 71. Rg2+ Rg5 72. Re2 h5 73. Ke4 Kg6 
74. Rh2 Rg4+ 75. Kf3 Rg1 76. Re2 Kf5 77. Rh2 Rg5 78. Rh3 Kxe5 79. Rh4 Kf6 
80. Rh1 Rf5+ 81. Ke4 Kg6 82. Rg1+ Rg5 83. Rh1 f6 84. Kf3 Kh6 85. Ke4 Rc5 86. Rf1 
1/2-1/2

[Event "Sunday 28 January 2nd Tiur 7+2 Rounds 9 Starts 2200 ST"]
[Site "Infinity Chess"]
[Date "2018.1.28"]
[Round "5"]
[White "MCDermont"]
[Black "Thinker"]
[Result "0-1"]
[ECO "C53"]
[WhiteElo "2541"]
[BlackElo "2510"]
[WhiteEngine "BrainFish 060118_CTG"]
[BlackEngine "BrainFish_180124_x64_modern_CTG"]
[EventType "Swiss"]
[WhiteTeam ""]
[BlackTeam ""]
[PlyCount "112"]
[TimeControl "420+2"]

1. e4 e5 2. Nf3 Nc6 3. Bc4 Bc5 4. c3 Nf6 5. d3 d6 6. Bb3 O-O 7. Nbd2 a6 
8. O-O Ba7 9. Re1 h6 10. Nf1 Re8 11. Be3 Bxe3 12. Nxe3 Rb8 13. a4 a5 14. Qc2 Nh5 
15. g3 Be6 16. Rad1 Qd7 17. Bxe6 fxe6 18. Nh4 Nf6 19. Rf1 b5 20. axb5 Rxb5 
21. f4 exf4 22. gxf4 Reb8 23. Rb1 Rh5 24. Nf3 Ne7 25. Kh1 Ng6 26. f5 Nf4 
27. fxe6 Nxe6 28. Nf5 Kh7 29. d4 Kh8 30. Ng3 Rh3 31. Nf5 Rh5 32. b3 Nf4 
33. N3h4 g5 34. c4 Ra8 35. Rxf4 gxf4 36. Ng6+ Kh7 37. Nxf4 Rg5 38. d5 Ng4 
39. h3 Ne5 40. Ne6 Rg6 41. Rf1 Rag8 42. Qd1 Rf6 43. Rg1 Qf7 44. Rxg8 Qxg8 
45. Qh5 Kh8 46. Qd1 Qf7 47. Nd8 Qg6 48. Ne6 Qf7 49. Nd8 Qg6 50. Ne6 Rf7 
51. h4 c5 52. h5 Qf6 53. Qa1 Ra7 54. Kg2 Ra8 55. Kh3 Rg8 56. Nf4 Kh7 0-1

[Event "Sunday 28 January 2nd Tiur 7+2 Rounds 9 Starts 2200 ST"]
[Site "Infinity Chess"]
[Date "2018.1.28"]
[Round "5"]
[White "incredible"]
[Black "MarioDeMonti"]
[Result "1-0"]
[ECO "D15"]
[WhiteElo "2479"]
[BlackElo "2516"]
[WhiteEngine "stockfish_18012814_x64_bmi2"]
[BlackEngine "stockfish_x64_bmi2_2018_01_13_CTG"]
[EventType "Swiss"]
[WhiteTeam ""]
[BlackTeam ""]
[PlyCount "137"]
[TimeControl "420+2"]

1. d4 d5 2. c4 c6 3. Nf3 Nf6 4. Nc3 e6 5. Bg5 h6 6. Bxf6 Qxf6 7. e3 Nd7 
8. Bd3 dxc4 9. Bxc4 g6 10. O-O Bg7 11. e4 e5 12. d5 Nb6 13. Nd2 O-O 14. Bb3 h5 
15. Qe2 Bg4 16. f3 Bd7 17. Qf2 Rfd8 18. Kh1 Qe7 19. a4 cxd5 20. exd5 Nc8 
21. Rae1 Bf5 22. Rg1 Nd6 23. g4 hxg4 24. fxg4 Bd7 25. Nce4 Nxe4 26. Nxe4 Qb4 
27. Re3 Bxa4 28. Qf3 Rf8 29. d6 Rac8 30. Rf1 Bxb3 31. Rxb3 Qc4 32. g5 a5 
33. Rd1 a4 34. Rxb7 Rb8 35. Rc7 Qa2 36. h4 Qe6 37. h5 a3 38. bxa3 Rb3 
39. Rc3 Rxc3 40. Nxc3 gxh5 41. Ne4 Qc4 42. Rd2 Rc8 43. Kh2 Rb8 44. Rf2 Qe6 
45. Qxh5 Qg6 46. Qxg6 fxg6 47. a4 Bf8 48. Nf6+ Kg7 49. Nd7 Rd8 50. Nxf8 Rxd6 
51. Rf6 Rd2+ 52. Kg3 Rd3+ 53. Kf2 Rd2+ 54. Kf3 e4+ 55. Kxe4 Re2+ 56. Kf4 Rf2+ 
57. Kg3 Rb2 58. Nxg6 Rb3+ 59. Kg4 Rb1 60. a5 Rb4+ 61. Kh5 Rb7 62. Nf4 Rb5 
63. Ne6+ Kh7 64. a6 Re5 65. a7 Ra5 66. Rf7+ Kh8 67. Kh6 Rxg5 68. a8=Q+ Rg8 
69. Rh7# 1-0

[Event "Sunday 28 January 2nd Tiur 7+2 Rounds 9 Starts 2200 ST"]
[Site "Infinity Chess"]
[Date "2018.1.28"]
[Round "5"]
[White "KhalidOmar"]
[Black "RonWeasley"]
[Result "1/2-1/2"]
[ECO "C00"]
[WhiteElo "2557"]
[BlackElo "2537"]
[WhiteEngine "Eman 1.68c 64-bit BMI2"]
[BlackEngine "BrainFish 060118_CTG"]
[EventType "Swiss"]
[WhiteTeam ""]
[BlackTeam ""]
[PlyCount "85"]
[TimeControl "420+2"]

1. e4 e6 2. Nf3 d5 3. exd5 exd5 4. d4 Bd6 5. Bd3 Nc6 6. O-O Nge7 7. Re1 O-O 
8. c3 Bf5 9. b3 a6 10. Ba3 Re8 11. g3 g6 12. Bf1 Nc8 13. Bg2 Rxe1+ 14. Nxe1 Be4 
15. Bxe4 dxe4 16. Bb2 Bf8 17. Nd2 Qe7 18. f3 Nd6 19. Nxe4 Nxe4 20. fxe4 Qxe4 
21. Qf3 Qxf3 22. Nxf3 Ne7 23. Kf2 h5 24. Ba3 Nf5 25. Bxf8 Kxf8 26. Ke2 Re8+ 
27. Kd2 Kg7 28. Re1 Rxe1 29. Nxe1 g5 30. Nf3 Kf6 31. Ne5 Ke6 32. a4 a5 
33. Kd3 Ne7 34. Kc4 Nd5 35. Nd7 b6 36. Nf8+ Kd6 37. Nh7 g4 38. Ng5 f5 
39. Nf7+ Ke6 40. Nd8+ Kd6 41. Nf7+ Ke6 42. Nd8+ Kd6 43. Nf7+ 1/2-1/2

[Event "Sunday 28 January 2nd Tiur 7+2 Rounds 9 Starts 2200 ST"]
[Site "Infinity Chess"]
[Date "2018.1.28"]
[Round "4"]
[White "Murx"]
[Black "SkyPilot"]
[Result "1/2-1/2"]
[ECO "C55"]
[WhiteElo "2484"]
[BlackElo "2470"]
[WhiteEngine "BrainFish_180113_x64_modern"]
[BlackEngine "stockfish_x64_bmi2_2018_01_13_CTG"]
[EventType "Swiss"]
[WhiteTeam ""]
[BlackTeam ""]
[PlyCount "129"]
[TimeControl "420+2"]

1. e4 e5 2. Nf3 Nc6 3. Bc4 Nf6 4. d3 Bc5 5. O-O d6 6. c3 O-O 7. Bg5 h6 8. Bh4 a6 
9. Nbd2 Ba7 10. Bb3 g5 11. Bg3 Na5 12. Ba4 Nh5 13. b4 Nxg3 14. hxg3 b5 
15. Bxb5 axb5 16. bxa5 Bd7 17. Nb3 Qe7 18. Qe2 Kh7 19. Ne1 Be6 20. Nc2 Qd7 
21. Rac1 f6 22. Rfe1 Kh8 23. Kh2 Bg8 24. d4 c5 25. Red1 exd4 26. cxd4 Qe8 
27. Qf3 Bh7 28. Re1 Qf7 29. Qc3 b4 30. Qf3 c4 31. Nd2 c3 32. Nb3 Qb7 
33. Qe2 Rab8 34. f3 Rfe8 35. Qf1 Kg7 36. Qc4 Kh8 37. Ne3 Bg8 38. Qd3 Qb5 
39. Qxb5 Rxb5 40. Nd5 Rf8 41. g4 Bxd5 42. exd5 Kg7 43. Kg1 Rxd5 44. Re7+ Rf7 
45. Rxf7+ Kxf7 46. Kf1 Ke6 47. Ke2 Bxd4 48. Kd3 Bf2+ 49. Kc4 f5 50. gxf5+ Rxf5 
51. Kxb4 g4 52. fxg4 Rg5 53. a3 Rxg4+ 54. Kxc3 Rxg2 55. a6 Rg3+ 56. Kc4 Kd7 
57. Kb4 Rg4+ 58. Kb5 Rg5+ 59. Ka4 Rg4+ 60. Ka5 h5 61. Rf1 Rg5+ 62. Kb4 Rg4+ 
63. Ka5 Rg5+ 64. Ka4 Rg4+ 65. Ka5 1/2-1/2

[Event "Sunday 28 January 2nd Tiur 7+2 Rounds 9 Starts 2200 ST"]
[Site "Infinity Chess"]
[Date "2018.1.28"]
[Round "4"]
[White "koalachess"]
[Black "Eman"]
[Result "0-1"]
[ECO "C58"]
[WhiteElo "2305"]
[BlackElo "2480"]
[WhiteEngine "asmFishW_2017-11-19_popcnt_CTG"]
[BlackEngine "Eman 1.68c 64-bit POPCNT"]
[EventType "Swiss"]
[WhiteTeam ""]
[BlackTeam ""]
[PlyCount "158"]
[TimeControl "420+2"]

1. e4 e5 2. Nf3 Nc6 3. Bc4 Nf6 4. Ng5 d5 5. exd5 Na5 6. Bb5+ c6 7. dxc6 bxc6 
8. Qf3 Be7 9. Bd3 O-O 10. Nc3 Rb8 11. O-O Rb4 12. Qd1 h6 13. Nf3 e4 14. a3 Rc4 
15. Bxc4 exf3 16. Ba2 fxg2 17. Kxg2 Bd6 18. d4 Ng4 19. Qd3 Qh4 20. h3 Re8 
21. Bxf7+ Kxf7 22. Qg3 Qd8 23. Bf4 Bxf4 24. Qxf4+ Nf6 25. b3 Rf8 26. Rae1 Kg8 
27. Qe5 Nb7 28. Qe7 Qxd4 29. Qe5 Qd7 30. Re3 Qf7 31. Kh2 Re8 32. Qg3 Rxe3 
33. Qxe3 Nd6 34. Re1 Qh5 35. Qg3 Nf5 36. Qd3 Nh4 37. Re3 Bf5 38. Qe2 Bg4 
39. Qc4+ Kh8 40. Rg3 Qf5 41. Rxg4 Nxg4+ 42. Qxg4 Qxf2+ 43. Kh1 Qe1+ 44. Kh2 Qf2+ 
45. Kh1 Qe1+ 46. Kh2 Qxc3 47. Qxh4 Qxc2+ 48. Kg1 Qxb3 49. Qg4 Qb1+ 50. Kf2 Qc2+ 
51. Ke3 c5 52. Qd7 c4 53. h4 Qd3+ 54. Qxd3 cxd3 55. Kxd3 Kh7 56. h5 g6 
57. a4 gxh5 58. a5 Kh8 59. Ke3 Kg7 60. a6 Kf6 61. Kf4 Ke7 62. Ke3 Kd6 
63. Kf4 Kc7 64. Kf3 Kb6 65. Kf2 Kxa6 66. Kg3 Kb5 67. Kh4 Kc4 68. Kxh5 Kd5 
69. Kg4 a5 70. Kf3 a4 71. Ke2 a3 72. Kd1 a2 73. Kd2 a1=Q 74. Ke3 Qf1 75. Kd2 Kd4 
76. Kc2 Qb5 77. Kd1 Qb2 78. Ke1 Ke3 79. Kd1 Qd2# 0-1

[Event "Sunday 28 January 2nd Tiur 7+2 Rounds 9 Starts 2200 ST"]
[Site "Infinity Chess"]
[Date "2018.1.28"]
[Round "4"]
[White "Tiger"]
[Black "ludimilojko"]
[Result "1/2-1/2"]
[ECO "C53"]
[WhiteElo "2441"]
[BlackElo "2372"]
[WhiteEngine "BrainFish_180124_x64_bmi2"]
[BlackEngine "corchess_x64_CTG"]
[EventType "Swiss"]
[WhiteTeam ""]
[BlackTeam ""]
[PlyCount "114"]
[TimeControl "420+2"]

1. e4 e5 2. Nf3 Nc6 3. Bc4 Bc5 4. c3 Nf6 5. d4 exd4 6. e5 d5 7. Bb5 Ne4 
8. cxd4 Bb6 9. O-O Bg4 10. a4 a5 11. Nc3 O-O 12. Bxc6 bxc6 13. h3 Bh5 14. Be3 f6 
15. g4 Bg6 16. exf6 Qxf6 17. Ne5 Qh4 18. Kg2 Ng5 19. Bxg5 Qxg5 20. Ne2 Rae8 
21. f4 Be4+ 22. Kh2 Qe7 23. Nxc6 Qd6 24. Rc1 g5 25. Qd2 gxf4 26. Nxf4 Rf6 
27. Ne5 Rxe5 28. dxe5 Qxe5 29. g5 Rf5 30. Qc3 Qd6 31. Qc6 Be3 32. Qxd6 cxd6 
33. Rc8+ Kf7 34. Nxd5 Rxf1 35. Nxe3 Rf2+ 36. Kg1 Re2 37. Nc4 d5 38. Nd6+ Kg6 
39. Nxe4 dxe4 40. h4 e3 41. Rc6+ Kf5 42. Rc7 Rxb2 43. Kf1 Kg6 44. Ke1 Rb4 
45. Ke2 Rxh4 46. Kxe3 Rxa4 47. Rc5 Ra1 48. Kf4 Ra4+ 49. Ke3 Ra1 50. Kf4 Kh5 
51. Kf5 Rf1+ 52. Ke4 a4 53. Ra5 a3 54. g6+ Kxg6 55. Rxa3 h6 56. Rg3+ Kh7 
57. Rh3 Ra1 1/2-1/2

[Event "Sunday 28 January 2nd Tiur 7+2 Rounds 9 Starts 2200 ST"]
[Site "Infinity Chess"]
[Date "2018.1.28"]
[Round "4"]
[White "Dovahkiin"]
[Black "KULLANI"]
[Result "1/2-1/2"]
[ECO "C50"]
[WhiteElo "2449"]
[BlackElo "2467"]
[WhiteEngine "BrainFish_180113_x64_modern_CTG"]
[BlackEngine "BrainFish_180124_x64_CTG"]
[EventType "Swiss"]
[WhiteTeam ""]
[BlackTeam ""]
[PlyCount "127"]
[TimeControl "420+2"]

1. e4 e5 2. Nf3 Nc6 3. Bc4 Bc5 4. O-O Nf6 5. d3 d6 6. c3 a5 7. Re1 Ba7 8. h3 h6 
9. Na3 O-O 10. Nb5 Bb6 11. Be3 Bxe3 12. Rxe3 Re8 13. Qc2 Ne7 14. d4 Ng6 
15. Qb3 Re7 16. Rd1 Bd7 17. a4 Qc8 18. Rde1 Qb8 19. Qa3 Qd8 20. Bd3 Be8 
21. c4 b6 22. Bf1 Nd7 23. g3 f6 24. h4 Ngf8 25. b3 Nb8 26. Qc1 Na6 27. Bh3 Nb4 
28. Nc3 Bd7 29. Bxd7 Rxd7 30. d5 Rf7 31. h5 f5 32. exf5 Rxf5 33. Ne4 Qe8 
34. Nh4 Rxh5 35. Qd1 Nd7 36. Kg2 Na6 37. Rh1 Nac5 38. Nxc5 Nxc5 39. g4 Rxh4 
40. Rxh4 Qg6 41. Qe2 Rf8 42. Rf3 Rxf3 43. Qxf3 Nd3 44. Qf5 Qxf5 45. gxf5 Kf7 
46. Kf1 Nb4 47. f4 e4 48. Rh2 Kf6 49. Rg2 Nd3 50. Rg6+ Kxf5 51. Rxg7 Kxf4 
52. Ke2 Nc1+ 53. Kd1 Nxb3 54. Rxc7 Nc5 55. Ke2 Nxa4 56. Rf7+ Ke5 57. Ke3 Nc5 
58. Rh7 a4 59. Rxh6 a3 60. Rh5+ Kf6 61. Rh2 Ke5 62. Rh5+ Kf6 63. Rh6+ Ke5 
64. Rh5+ 1/2-1/2

[Event "Sunday 28 January 2nd Tiur 7+2 Rounds 9 Starts 2200 ST"]
[Site "Infinity Chess"]
[Date "2018.1.28"]
[Round "4"]
[White "Thinker"]
[Black "star99"]
[Result "1/2-1/2"]
[ECO "C55"]
[WhiteElo "2512"]
[BlackElo "2458"]
[WhiteEngine "BrainFish_180124_x64_modern_CTG"]
[BlackEngine "Cryptic AIL V2"]
[EventType "Swiss"]
[WhiteTeam ""]
[BlackTeam ""]
[PlyCount "256"]
[TimeControl "420+2"]

1. e4 e5 2. Nf3 Nc6 3. Bc4 Nf6 4. d3 Be7 5. O-O O-O 6. Re1 d6 7. a4 a6 8. c3 Be6 
9. Bxe6 fxe6 10. b4 Qe8 11. Qb3 Nd8 12. Be3 Qg6 13. Nbd2 Ng4 14. Qc4 c6 
15. Qa2 Nxe3 16. Rxe3 Rf4 17. Qb1 Rf8 18. Qa2 Rf4 19. Qb2 Rf8 20. Qb3 Nf7 
21. Rf1 Rae8 22. c4 Rb8 23. a5 Ng5 24. c5 Nxf3+ 25. Nxf3 Rbe8 26. h3 Qf6 
27. Qc4 Qf7 28. Qb3 Qf6 29. Qa3 Rd8 30. Nd2 g6 31. Qb3 dxc5 32. Rf3 Qg7 
33. Qxe6+ Kh8 34. Rxf8+ Rxf8 35. bxc5 Bxc5 36. Qc4 Ba7 37. Nf3 Rf7 38. Qe6 Re7 
39. Qd6 Re8 40. Qa3 Re7 41. Qd6 Qf8 42. Rb1 Kg8 43. Rb3 Kg7 44. Qb4 Qf6 
45. Qc3 Kg8 46. Qc4+ Qf7 47. Qb4 Bb8 48. Kf1 Kg7 49. Ke2 Ba7 50. Kf1 Kg8 
51. Kg1 Kg7 52. Qc3 Kh8 53. Qb2 Kg8 54. Kf1 Qg7 55. Nh4 Bd4 56. Qc2 Qf7 
57. Nf3 Ba7 58. Qc3 Qg7 59. Qb4 Qf6 60. Qc4+ Kg7 61. Kg1 h6 62. Rb4 Kh7 
63. Qc3 Qg7 64. Qb2 Kg8 65. Qd2 Bc5 66. Rb1 Ba7 67. Qc3 Kh7 68. Qc2 Qf7 
69. Qb2 Qg7 70. Kf1 Qf6 71. Qc2 Rf7 72. Qc3 Re7 73. Rb3 Qf7 74. Qb4 Bb8 
75. Rb2 Rd7 76. Qc3 Qf6 77. Rb6 Rf7 78. Qb2 Qg7 79. Qc2 Re7 80. Ke2 Ba7 
81. Rb4 Kg8 82. Qd2 Bc5 83. Rb2 Kh7 84. Rb1 Kg8 85. Kf1 Kh7 86. Kg1 Kg8 
87. Qc1 Ba7 88. Qc3 Kh7 89. Qb4 Qf7 90. Qd2 Qg7 91. Nh4 Bb8 92. Qe3 Rd7 
93. Nf3 Bd6 94. Qb6 Rf7 95. Nd2 Qf8 96. Nf3 Qe7 97. Qb3 Kg7 98. Qb2 Kh7 
99. Qc3 Bb8 100. Qc4 Bd6 101. Qc3 Bb8 102. Qc1 Qe6 103. Qc2 Qf6 104. Qa2 Rd7 
105. Qc4 Bd6 106. Qc2 Rf7 107. Kh2 Bb8 108. Kh1 Ba7 109. Kg1 Qf4 110. Qb2 Kg8 
111. Qxe5 Qxe5 112. Nxe5 Rxf2 113. Kh1 Bd4 114. Nxg6 Rb2 115. Rf1 Bc3 
116. Ne7+ Kg7 117. Nf5+ Kg6 118. Nd6 Bxa5 119. e5 Bc3 120. Rf6+ Kh7 
121. Rf7+ Kg6 122. Rf6+ Kh7 123. Re6 a5 124. Re7+ Kg6 125. Re6+ Kh7 
126. Re7+ Kg6 127. Re6+ Kg7 128. Re7+ Kg6 1/2-1/2

[Event "Sunday 28 January 2nd Tiur 7+2 Rounds 9 Starts 2200 ST"]
[Site "Infinity Chess"]
[Date "2018.1.28"]
[Round "4"]
[White "RonWeasley"]
[Black "BraveDevil"]
[Result "1-0"]
[ECO "C55"]
[WhiteElo "2524"]
[BlackElo "2450"]
[WhiteEngine "BrainFish 060118_CTG"]
[BlackEngine "Cryptic AIL V2"]
[EventType "Swiss"]
[WhiteTeam ""]
[BlackTeam ""]
[PlyCount "177"]
[TimeControl "420+2"]

1. e4 e5 2. Nf3 Nc6 3. Bc4 Nf6 4. d3 Bc5 5. c3 d6 6. Bb3 O-O 7. h3 h6 8. Nbd2 a5 
9. O-O Be6 10. Re1 Qd7 11. Ba4 Bxh3 12. gxh3 Qxh3 13. Nf1 Qg4+ 14. Kh1 Bxf2 
15. N1h2 Qg3 16. Re2 Nh5 17. Ng1 Qxg1+ 18. Qxg1 Bxg1 19. Kxg1 f5 20. Bd2 fxe4 
21. Rxe4 g5 22. Rae1 Kg7 23. Rc4 Rf7 24. Bxc6 bxc6 25. Rxc6 a4 26. d4 Rb8 
27. dxe5 Rxb2 28. exd6 cxd6 29. Rxd6 Nf4 30. Ng4 h5 31. Ne5 Nh3+ 32. Kh2 Rf2+ 
33. Kxh3 Rbxd2 34. Rg6+ Kf8 35. a3 Rfe2 36. Rxe2 Rxe2 37. Rxg5 Re3+ 38. Kh4 Ke7 
39. Nc6+ Kd7 40. Nd4 Rxc3 41. Rg7+ Kc8 42. Rg3 Rc5 43. Ne6 Rc2 44. Kxh5 Kd7 
45. Nd4 Rd2 46. Nf5 Ke6 47. Kg5 Ra2 48. Re3+ Kd5 49. Kf6 Rd2 50. Re5+ Kc4 
51. Re4+ Kb3 52. Re3+ Kc4 53. Ke5 Rd5+ 54. Ke6 Ra5 55. Nd6+ Kd4 56. Re4+ Kc3 
57. Rb4 Kc2 58. Nb5 Kd2 59. Kd7 Ra6 60. Nc7 Rh6 61. Rxa4 Ke3 62. Nd5+ Kd2 
63. Rd4+ Kc2 64. a4 Kb2 65. a5 Ra6 66. Rb4+ Kc2 67. Rb5 Kd3 68. Nb6 Ra7+ 
69. Kc8 Kd4 70. Kb8 Re7 71. a6 Re8+ 72. Kb7 Re7+ 73. Kb8 Re8+ 74. Nc8 Re1 
75. a7 Ra1 76. a8=Q Rxa8+ 77. Kxa8 Ke3 78. Kb7 Kd2 79. Kc6 Ke2 80. Rb3 Kd1 
81. Nd6 Kc2 82. Re3 Kb1 83. Nc4 Ka1 84. Kc5 Kb1 85. Kb4 Kc2 86. Ka4 Kc1 
87. Kb3 Kd1 88. Kc3 Kc1 89. Re1# 1-0

[Event "Sunday 28 January 2nd Tiur 7+2 Rounds 9 Starts 2200 ST"]
[Site "Infinity Chess"]
[Date "2018.1.28"]
[Round "4"]
[White "MarioDeMonti"]
[Black "MCDermont"]
[Result "1/2-1/2"]
[ECO "C11"]
[WhiteElo "2515"]
[BlackElo "2542"]
[WhiteEngine "stockfish_x64_bmi2_2018_01_13_CTG"]
[BlackEngine "BrainFish 060118_CTG"]
[EventType "Swiss"]
[WhiteTeam ""]
[BlackTeam ""]
[PlyCount "83"]
[TimeControl "420+2"]

1. e4 e6 2. d4 d5 3. Nc3 Nf6 4. e5 Nfd7 5. f4 c5 6. Nf3 Nc6 7. Be3 cxd4 
8. Nxd4 Qb6 9. a3 Bc5 10. Ncb5 a6 11. Nxc6 axb5 12. Bxc5 Nxc5 13. Nd4 O-O 
14. Bxb5 Bd7 15. Bxd7 Nxd7 16. b3 Rxa3 17. Rxa3 Qb4+ 18. Qd2 Qxa3 19. O-O Qa7 
20. Qf2 Qb6 21. f5 g6 22. fxe6 fxe6 23. Qe3 Rxf1+ 24. Kxf1 Qa6+ 25. Kf2 Nc5 
26. g3 Ne4+ 27. Kg2 Qb6 28. c4 Qa6 29. cxd5 exd5 30. e6 Qa2+ 31. Ne2 Kf8 
32. Kf3 g5 33. Qb6 g4+ 34. Kf4 Qxe2 35. Qd8+ Kg7 36. Qe7+ Kh6 37. Qf8+ Kg6 
38. Qf5+ Kg7 39. Qf7+ Kh6 40. Qf8+ Kg6 41. Qf7+ Kh6 42. Qf8+ 1/2-1/2

[Event "Sunday 28 January 2nd Tiur 7+2 Rounds 9 Starts 2200 ST"]
[Site "Infinity Chess"]
[Date "2018.1.28"]
[Round "4"]
[White "incredible"]
[Black "KhalidOmar"]
[Result "1/2-1/2"]
[ECO "D30"]
[WhiteElo "2476"]
[BlackElo "2560"]
[WhiteEngine "stockfish_18012814_x64_bmi2"]
[BlackEngine "Eman 1.68c 64-bit BMI2"]
[EventType "Swiss"]
[WhiteTeam ""]
[BlackTeam ""]
[PlyCount "159"]
[TimeControl "420+2"]

1. d4 d5 2. c4 e6 3. Nf3 Nf6 4. Nc3 c6 5. Bg5 h6 6. Bxf6 Qxf6 7. e3 g6 
8. Bd3 Nd7 9. e4 dxe4 10. Nxe4 Qg7 11. O-O Be7 12. c5 O-O 13. Qb3 e5 
14. Nxe5 Nxe5 15. dxe5 Qxe5 16. Rae1 Kg7 17. Bc4 a5 18. Nd6 Qf6 19. Ne4 Qd4 
20. Re3 a4 21. Qc2 Rd8 22. b3 Bf5 23. Qe2 Bxc5 24. Nxc5 Qxc5 25. Re7 Rd7 
26. Qb2+ Kh7 27. Rxd7 Bxd7 28. Bxf7 Qe7 29. Bc4 axb3 30. axb3 Re8 31. Rd1 Bg4 
32. Rc1 Qg5 33. Bf1 Qe5 34. Qa3 Re7 35. Rc3 Qf6 36. Rd3 Rf7 37. Qc5 Be6 
38. b4 Bd5 39. b5 Qe7 40. Qd4 Qf6 41. Qc5 Qa1 42. Qc2 Be4 43. Qb3 Qf6 
44. Rd2 Bd5 45. Qb4 Rc7 46. bxc6 bxc6 47. Re2 Rf7 48. Qc5 Kg7 49. Re1 Rd7 
50. Qe3 Kh7 51. Qc5 Kg7 52. Qe3 Rf7 53. Rd1 Qf4 54. Qc3+ Kg8 55. Qc5 Qe5 
56. Rb1 Re7 57. Rd1 Qe4 58. Qa3 h5 59. Qc3 Qe5 60. Qc5 Kh7 61. h3 Rf7 
62. Rc1 Re7 63. Bc4 Rf7 64. Bxd5 cxd5 65. f3 Rd7 66. Rd1 Kg7 67. Kf2 Rc7 
68. Qxd5 Rc2+ 69. Kg1 Qe2 70. f4 Qe3+ 71. Kh2 Qxf4+ 72. Kh1 Rc1 73. Rxc1 Qxc1+ 
74. Kh2 Qf4+ 75. g3 Qf2+ 76. Qg2 Qxg2+ 77. Kxg2 Kg8 78. g4 hxg4 79. hxg4 g5 
80. Kg1 1/2-1/2

[Event "Sunday 28 January 2nd Tiur 7+2 Rounds 9 Starts 2200 ST"]
[Site "Infinity Chess"]
[Date "2018.1.28"]
[Round "3"]
[White "koalachess"]
[Black "Murx"]
[Result "1/2-1/2"]
[ECO "C53"]
[WhiteElo "2297"]
[BlackElo "2492"]
[WhiteEngine "asmFishW_2017-11-19_popcnt_CTG"]
[BlackEngine "BrainFish_180113_x64_modern"]
[EventType "Swiss"]
[WhiteTeam ""]
[BlackTeam ""]
[PlyCount "66"]
[TimeControl "420+2"]

1. e4 e5 2. Nf3 Nc6 3. Bc4 Bc5 4. c3 Nf6 5. d4 exd4 6. cxd4 Bb4+ 7. Bd2 Bxd2+ 
8. Nbxd2 d5 9. exd5 Nxd5 10. O-O O-O 11. Rc1 Nb6 12. Bb3 a5 13. a4 Nd5 
14. Re1 Be6 15. Ne4 Bg4 16. Rc5 Bxf3 17. Qxf3 Nxd4 18. Qg3 Nf6 19. Nxf6+ Qxf6 
20. Rxc7 Nxb3 21. Qxb3 b6 22. g3 Rab8 23. Qb5 h6 24. Rc6 Qd4 25. Rc4 Qd6 
26. Rc6 Qd4 27. Rc4 Qd2 28. Re7 Qd6 29. Rcc7 Rbc8 30. Red7 Qe6 31. Re7 Qd6 
32. Red7 Qe6 33. Re7 Qd6 1/2-1/2